 Dungeon Crawl Stone Soup version 0.21.1-1-g345015f (webtiles) character file.

407 tidbits the Insei (level 6, -2/47 HPs)
             Began as a Gnoll Transmuter on Feb 11, 2018.
             Slain by a phantom (6 damage)
             ... on level 5 of the Dungeon.
             The game lasted 00:07:56 (832 turns).

tidbits the Insei (Gnoll Transmuter)                 Turns: 832, Time: 00:07:56

Health: -2/47      AC:  2    Str: 12    XL:     6   Next: 88%
Magic:  10/14      EV: 24    Int: 17    God:
Gold:   58         SH:  0    Dex: 21    Spells: 9/15 levels left

rFire    . . .     SeeInvis .     - Unarmed
rCold    . . .     Gourm    +   (shield currently unavailable)
rNeg     . . .     Faith    .   (armour currently unavailable)
rPois    x         Spirit   .   (helmet currently unavailable)
rElec    .         Reflect  .   (cloak currently unavailable)
rCorr    .         Harm     .   (gloves currently unavailable)
MR       .....                  (boots currently unavailable)
Stlth    ++........             g - amulet of the gourmand
HPRegen  0.15/turn              (no ring)
MPRegen  0.14/turn              (no ring)

@: spider-form
A: tiny, distributed training, strong nose
a: End Transformation


You were on level 5 of the Dungeon.
You were hungry.
You were a venomous arachnid creature.
You visited 1 branch of the dungeon, and saw 5 of its levels.

You collected 58 gold pieces.

Inventory:

Hand Weapons
 b - a +0 scythe
 e - a -1 dagger
 h - a +0 flail of draining
   (You took it off an orc on level 4 of the Dungeon)
 n - a +0 dagger
 p - a +0 war axe
 r - a +0 long sword
Missiles
 a - 43 arrows
 f - 103 stones (quivered)
Armour
 l - a +0 robe
 q - a +1 ring mail of poison resistance
   (You found it on level 1 of the Dungeon)
 B - a +1 robe of magic resistance (melded)
   (You took it off Sigmund on level 5 of the Dungeon)
 E - a +0 helmet
 F - a +0 pair of boots (melded)
Jewellery
 g - an amulet of the gourmand (around neck)
   (You found it on level 4 of the Dungeon)
 j - an uncursed amulet of faith
   (You found it on level 2 of the Dungeon)
Scrolls
 i - a scroll of identify
 k - a scroll of blinking
 m - a scroll of teleportation
 s - a scroll of random uselessness {unknown}
Potions
 o - 2 potions of lignification
Books
 d - a book of Changes

   Spells                             Type                      Level
   a - Beastly Appendage              Transmutation                1
   b - Sticks to Snakes               Transmutation                2
   c - Spider Form                    Transmutation/Poison         3
   d - Ice Form                       Ice/Transmutation            4
   e - Blade Hands                    Transmutation                5
Comestibles
 c - 3 rations


   Skills:
 + Level 3.3 Fighting
 + Level 2.1 Short Blades
 + Level 2.1 Long Blades
 + Level 2.1 Axes
 + Level 2.1 Maces & Flails
 + Level 2.1 Polearms
 + Level 2.1 Staves
 + Level 2.1 Slings
 + Level 2.1 Bows
 + Level 2.1 Crossbows
 + Level 2.1 Throwing
 + Level 2.1 Armour
 + Level 5.0 Dodging
 + Level 2.1 Stealth
 + Level 2.1 Shields
 + Level 6.9 Unarmed Combat
 + Level 5.4 Spellcasting
 + Level 1.6 Conjurations
 + Level 1.6 Hexes
 + Level 1.6 Charms
 + Level 1.6 Summonings
 + Level 1.6 Necromancy
 + Level 1.6 Translocations
 + Level 4.1 Transmutations
 + Level 1.6 Fire Magic
 + Level 1.6 Ice Magic
 + Level 1.6 Air Magic
 + Level 1.6 Earth Magic
 + Level 1.6 Poison Magic
 + Level 2.3 Invocations
 + Level 2.1 Evocations


You had 9 spell levels left.
You knew the following spells:

 Your Spells              Type           Power        Failure   Level  Hunger
e - Beastly Appendage     Tmut           ###...       10%         1    None
k - Sticks to Snakes      Tmut           ###.....     12%         2    #......
p - Spider Form           Tmut/Pois      ##........   28%         3    ##.....


Dungeon Overview and Level Annotations

Branches:
Dungeon (5/15)
 Temple: D:4-7

Altars:
Trog


Innate Abilities, Weirdness & Mutations

Your experience applies equally to all skills.
((You have very sharp teeth.))
Your uncanny sense of smell can sniff out nearby items.


Message History

You climb downwards.
There is a stone staircase leading up here.
Unknown command.
Unknown command.
Your transformation has ended.
Your +0 pair of boots unmelds from your body.
Your +1 robe of magic resistance unmelds from your body.
You feel resistant to hostile enchantments.
A phantom comes into view.
A crimson imp comes into view.
The crimson imp shouts!
The phantom blinks!
A hound skeleton comes into view.
The phantom blinks!
Found 17 poisoned needles.
Found 14 gold pieces.
You see here 17 poisoned needles.
You are feeling hungry.
The crimson imp blinks!
Casting: Spider Form
Confirm with . or Enter, or press ? or * to list all spells.
You create a snake!
You now have 43 arrows.
The crimson imp barely misses you.
Casting: Sticks to Snakes
Confirm with . or Enter, or press ? or * to list all spells.
You turn into a venomous arachnid creature.
Your +0 pair of boots melds into your body.
Your +1 robe of magic resistance melds into your body.
You feel less resistant to hostile enchantments.
The phantom blinks!
The crimson imp misses you.
You barely miss the crimson imp. The phantom closely misses you.
You bite the crimson imp!
The crimson imp is severely wounded.
The crimson imp completely misses you. The phantom misses you.
Your ball python bites the crimson imp but does no damage.
Your ball python closely misses the crimson imp.
You hit the crimson imp but do no damage.
The crimson imp is heavily wounded.
The crimson imp completely misses you. The phantom hits you.
Your ball python misses the crimson imp.
Your ball python grabs the crimson imp.
Your ball python constricts the crimson imp.
You bite the crimson imp!
You kill the crimson imp!
The phantom blinks!
Found a scroll labeled UPYERR CUOHAUX.
You see here a scroll labeled UPYERR CUOHAUX.
s - a scroll labeled UPYERR CUOHAUX You swap places.
Your transformation is almost over.
The phantom hits you.
The phantom blinks!
You barely miss the phantom. The phantom hits you!
The phantom blinks!
You closely miss the phantom. The phantom completely misses you.
You hit the phantom but do no damage. The phantom hits you.
You hit the phantom.
The phantom is lightly damaged.
You hit the phantom.
The phantom is moderately damaged.
The phantom completely misses you.
You barely miss the phantom.
The phantom is moderately damaged.
The phantom misses you.
You bite the phantom!
The phantom is severely damaged.
Your transformation has ended.
Your +0 pair of boots unmelds from your body.
Your +1 robe of magic resistance unmelds from your body.
You feel resistant to hostile enchantments.
The phantom hits you but does no damage.
Casting: Spider Form
Confirm with . or Enter, or press ? or * to list all spells.
You turn into a venomous arachnid creature.
Your +0 pair of boots melds into your body.
Your +1 robe of magic resistance melds into your body.
You feel less resistant to hostile enchantments.
The phantom misses you.
You closely miss the phantom.
The phantom is severely damaged.
The phantom closely misses you.
You hit the phantom.
The phantom is severely damaged.
The phantom completely misses you.
You hit the phantom but do no damage.
The phantom is severely damaged.
The phantom hits you!
* * * LOW HITPOINT WARNING * * *
The phantom blinks!
You barely miss the phantom.
The phantom is severely damaged.
The phantom hits you!
* * * LOW HITPOINT WARNING * * *
You barely miss the phantom.
The phantom is severely damaged.
You hit the phantom.
The phantom is almost destroyed.
The phantom hits you!
* * * LOW HITPOINT WARNING * * *
You closely miss the phantom.
The phantom is almost destroyed.
The phantom hits you.
You die...

#$ . #. .. #.###
####### #.##....
#.....# .......
.#.###.#
#..#..####.#W###.#
...........#...#S#
#....†........#s#
#....†........W.#.#
#...(########.....#
#..<........#.#####
##....######.#.# ∆
........... #.#####
###.>...... #.#...#.#
Z# ..(...#####
#.#.#$#.# .#
....########+#.#.#.#.#
..#


You could see a phantom and a friendly ball python.

Vanquished Creatures
  Sigmund (D:5)
  A necrophage (D:5)
  A crimson imp (D:5)
  A hound (D:4)
  An orc wizard (D:4)
  3 adders
  An ooze (D:3)
  A dart slug (D:1)
  7 orcs
  A giant cockroach (D:3)
  A goblin (D:3)
  5 hobgoblins
  4 jackals (D:3)
  4 kobolds
  A quokka (D:5)
  2 ball pythons
  2 bats (D:1)
  A frilled lizard (D:3)
38 creatures vanquished.

Vanquished Creatures (collateral kills)
  An orc (D:4)
  A goblin (D:3)
  A rat (D:3)
3 creatures vanquished.

Grand Total: 41 creatures vanquished

Notes
Turn   | Place    | Note
-------+----------+-------------------------------------------
     0 | D:1      | tidbits the Gnoll Transmuter began the quest for the Orb.
     0 | D:1      | Reached XP level 1. HP: 17/17 MP: 6/6
    26 | D:1      | Reached XP level 2. HP: 16/23 MP: 7/7
    30 | D:1      | Learned a level 2 spell: Sticks to Snakes
   171 | D:2      | Found a bloodstained altar of Trog.
   236 | D:3      | Reached skill level 5 in Spellcasting
   236 | D:3      | Reached XP level 3. HP: 15/28 MP: 4/9
   248 | D:3      | Learned a level 3 spell: Spider Form
   348 | D:4      | Reached skill level 1 in Short Blades
   348 | D:4      | Reached skill level 1 in Long Blades
   348 | D:4      | Reached skill level 1 in Axes
   348 | D:4      | Reached skill level 1 in Maces & Flails
   348 | D:4      | Reached skill level 1 in Polearms
   348 | D:4      | Reached skill level 1 in Staves
   348 | D:4      | Reached skill level 1 in Slings
   348 | D:4      | Reached skill level 1 in Bows
   348 | D:4      | Reached skill level 1 in Crossbows
   348 | D:4      | Reached skill level 1 in Throwing
   348 | D:4      | Reached skill level 1 in Armour
   348 | D:4      | Reached skill level 1 in Stealth
   348 | D:4      | Reached skill level 1 in Shields
   348 | D:4      | Reached skill level 1 in Invocations
   348 | D:4      | Reached skill level 1 in Evocations
   348 | D:4      | Reached XP level 4. HP: 13/34 MP: 7/11
   572 | D:5      | Entered Level 5 of the Dungeon
   572 | D:5      | Noticed Sigmund
   589 | D:5      | Killed Sigmund
   589 | D:5      | Reached skill level 3 in Fighting
   589 | D:5      | Reached skill level 1 in Conjurations
   589 | D:5      | Reached skill level 1 in Hexes
   589 | D:5      | Reached skill level 1 in Charms
   589 | D:5      | Reached skill level 1 in Summonings
   589 | D:5      | Reached skill level 1 in Necromancy
   589 | D:5      | Reached skill level 1 in Translocations
   589 | D:5      | Reached skill level 4 in Transmutations
   589 | D:5      | Reached skill level 1 in Fire Magic
   589 | D:5      | Reached skill level 1 in Ice Magic
   589 | D:5      | Reached skill level 1 in Air Magic
   589 | D:5      | Reached skill level 1 in Earth Magic
   589 | D:5      | Reached skill level 1 in Poison Magic
   589 | D:5      | Reached skill level 2 in Invocations
   589 | D:5      | Reached XP level 5. HP: 14/41 MP: 2/12
   589 | D:5      | Reached XP level 6. HP: 16/47 MP: 2/13
   599 | D:5      | Noticed a necrophage
   608 | D:5      | Killed a necrophage
   608 | D:5      | Reached skill level 2 in Short Blades
   608 | D:5      | Reached skill level 2 in Long Blades
   608 | D:5      | Reached skill level 2 in Axes
   608 | D:5      | Reached skill level 2 in Maces & Flails
   608 | D:5      | Reached skill level 2 in Polearms
   608 | D:5      | Reached skill level 2 in Staves
   608 | D:5      | Reached skill level 2 in Slings
   608 | D:5      | Reached skill level 2 in Bows
   608 | D:5      | Reached skill level 2 in Crossbows
   608 | D:5      | Reached skill level 2 in Throwing
   608 | D:5      | Reached skill level 2 in Armour
   608 | D:5      | Reached skill level 5 in Dodging
   608 | D:5      | Reached skill level 2 in Stealth
   608 | D:5      | Reached skill level 2 in Shields
   608 | D:5      | Reached skill level 2 in Evocations
   779 | D:5      | Noticed a phantom
   831 | D:5      | HP: 4/47 [phantom (8)]
   832 | D:5      | Slain by a phantom

Skill      XL: |  1  2  3  4  5  6 |
---------------+-------------------+-----
Spellcasting   | 5 |  5.4
Short Blades   | 1 2 |  2.1
Long Blades    | 1 2 |  2.1
Axes           | 1 2 |  2.1
Maces & Flails | 1 2 |  2.1
Polearms       | 1 2 |  2.1
Staves         | 1 2 |  2.1
Slings         | 1 2 |  2.1
Bows           | 1 2 |  2.1
Crossbows      | 1 2 |  2.1
Throwing       | 1 2 |  2.1
Armour         | 1 2 |  2.1
Stealth        | 1 2 |  2.1
Shields        | 1 2 |  2.1
Invocations    | 1 2 |  2.3
Evocations     | 1 2 |  2.1
Fighting       | 3 |  3.3
Conjurations   | 1 |  1.6
Hexes          | 1 |  1.6
Charms         | 1 |  1.6
Summonings     | 1 |  1.6
Necromancy     | 1 |  1.6
Translocations | 1 |  1.6
Transmutations | 4 |  4.1
Fire Magic     | 1 |  1.6
Ice Magic      | 1 |  1.6
Air Magic      | 1 |  1.6
Earth Magic    | 1 |  1.6
Poison Magic   | 1 |  1.6
Dodging        | 5 |  5.0
Unarmed Combat | |  6.9

Action                   |  1- 3 |  4- 6 || total
-------------------------+-------+-------++-------
Melee: Unarmed           |    40 |    57 ||    97
       Bite              |     5 |       ||     5
       Kick              |     4 |       ||     4
       Headbutt          |     1 |       ||     1
Throw: Stone             |       |     2 ||     2
 Cast: Beastly Appendage |     6 |       ||     6
       Sticks to Snakes  |     1 |     6 ||     7
       Spider Form       |     1 |     9 ||    10
  Use: Scroll            |       |     6 ||     6
       Potion            |       |     3 ||     3
 Stab: Sleeping          |     1 |       ||     1
Armor: Robe              |     5 |     2 ||     7
       Skin              |       |     2 ||     2
Dodge: Dodged            |    18 |    37 ||    55

Table legend:
 A = Turns spent in this place as a percentage of turns spent in the entire game.
 B = Non-inter-level travel turns spent in this place as a percentage of non-inter-level travel turns spent in the entire game.
 C = Inter-level travel turns spent in this place as a percentage of turns spent in this place.
 D = Turns resting spent in this place as a percentage of non-inter-level travel turns spent in this place.
 E = Turns spent auto-exploring this place as a percentage of non-inter-level travel turns spent in this place.
 F = Non-inter-level travel turns spent in this place divided by the number of levels of this place that you've seen.
                   A       B       C       D       E      F
               +-------+-------+-------+-------+-------+----------------------
         Total | 100.0 | 100.0 |   0.0 |   0.0 |   0.0 | 166.4
       Dungeon | 100.0 | 100.0 |   0.0 |   0.0 |   0.0 | 166.4
               +-------+-------+-------+-------+-------+----------------------

Table legend:
 A = Kills in this place as a percentage of kills in entire the game.
 B = Kills by you in this place as a percentage of kills by you in the entire game.
 C = Kills by friends in this place as a percentage of kills by friends in the entire game.
 D = Other kills in this place as a percentage of other kills in the entire game.
 E = Experience gained in this place as a percentage of experience gained in the entire game.
 F = Experience gained in this place divided by the number of levels of this place that you have seen.
                   A       B       C       D       E      F
               +-------+-------+-------+-------+-------+----------------------
         Total | 100.0 | 100.0 | 100.0 |   N/A | 100.0 | 116.4
       Dungeon | 100.0 | 100.0 | 100.0 |   N/A | 100.0 | 116.4
               +-------+-------+-------+-------+-------+----------------------

Vault maps used:
D:1:      dpeg_arrival_orchard, kennysheep_small_spiral, bh_walls_and_bars
D:2:      bloody_trog, minivault_26, kennysheep_okawaru_gauntlet
D:4:      lemuel_crystal_altar, serial_shops, nicolae_shop_statue_plus,
          minivault_24
D:5:      kennysheep_mini, first_ration, uniq_sigmund
